[ AOE2 MATCH · #463409500 ]
UnrankedChinese vs Spanish
[ REPLAY ANALYSIS · EXTRACTED FROM THE RECORDED GAME ]
Feudal
11:35
Castle
15:39
Imperial
31:51
| APM avg | 23.4 |
| APM peak | 69 |
| eAPM avg | 14.4 |
| Villagers / military | 171 / 1113 |
Focus
⚔️ 42.7% · 🌾 57.3%
Knight ×713 · Scout Cavalry ×165 · Fire Lancer ×157 · Trade Cart ×83 · Archer ×25 · Battering Ram ×25
Feudal
—
Castle
—
Imperial
—
| APM avg | 29.4 |
| APM peak | 71 |
| eAPM avg | 24.2 |
| Villagers / military | 342 / 2317 |
Focus
⚔️ 36.8% · 🌾 63.2%
Scout Cavalry ×1241 · Spearman ×1040 · Trade Cart ×45 · Militia ×14 · Armored Elephant ×9 · Scorpion ×6
Feudal
—
Castle
—
Imperial
—
| APM avg | 11.9 |
| APM peak | 136 |
| eAPM avg | 10.4 |
| Villagers / military | 275 / 545 |
Focus
⚔️ 36.9% · 🌾 63.1%
Kamayuk ×477 · Trade Cart ×86 · Petard ×35 · Spearman ×16 · Trebuchet (Packed) ×13 · Skirmisher ×4
Feudal
10:36
Castle
14:42
Imperial
35:42
| APM avg | 42.7 |
| APM peak | 92 |
| eAPM avg | 33.7 |
| Villagers / military | 249 / 1416 |
Focus
⚔️ 57.1% · 🌾 42.9%
Knight ×566 · Spearman ×436 · Scout Cavalry ×238 · Conquistador ×118 · Trade Cart ×86 · Battering Ram ×50
Feudal
10:13
Castle
13:45
Imperial
30:53
| APM avg | 49.2 |
| APM peak | 96 |
| eAPM avg | 17.5 |
| Villagers / military | 194 / 1004 |
Focus
⚔️ 46.4% · 🌾 53.6%
Spearman ×745 · Hussite Wagon ×133 · Bombard Cannon ×124 · Trade Cart ×87 · Mangonel ×1 · Battering Ram ×1
Feudal
10:52
Castle
18:59
Imperial
35:03
| APM avg | 15.9 |
| APM peak | 49 |
| eAPM avg | 11.5 |
| Villagers / military | 97 / 280 |
Focus
⚔️ 56.6% · 🌾 43.4%
Spearman ×124 · Unknown (2579) ×87 · Unknown (2582) ×60 · Petard ×53 · Unknown (2550) ×48 · Skirmisher ×45
Feudal
10:35
Castle
15:58
Imperial
36:36
| APM avg | 30.0 |
| APM peak | 115 |
| eAPM avg | 23.5 |
| Villagers / military | 255 / 662 |
Focus
⚔️ 25.9% · 🌾 74.1%
Mangonel ×287 · Scout Cavalry ×210 · Trade Cart ×140 · Spearman ×68 · Scorpion ×65 · Knight ×17
Feudal
—
Castle
—
Imperial
—
| APM avg | 61.1 |
| APM peak | 442 |
| eAPM avg | 60.4 |
| Villagers / military | 167 / 904 |
Focus
⚔️ 8.1% · 🌾 91.9%
Spearman ×413 · Militia ×172 · Longbowman ×152 · Trade Cart ×126 · Skirmisher ×78 · Battering Ram ×35
Match map
Initial resources + every placement click. Lines = walls · curves = elevation contours. ◆ gold · ⬟ stone · ● berries · ✦ relic · ◌ wall gap
Your base· ✓ Closed at 15:39 · 0t walls · no gate
RisingNOOb7499's base· ✓ Closed at 24:08 · 115t walls · 20 gate(s)
Player69917087's base· Open — opponent sealed themselves in
SY.AAA's base· Open — opponent sealed themselves in
average hobo's base· Open — unwalled flank
Sauleta's base· Open — opponent sealed themselves in
fx17888's base· ✓ Closed at 15:58 · 1t walls · 1 gate(s)
floreent_q's base· ✓ Closed at 18:06 · 0t walls · no gate
Smoothed initial terrain · ◌ = detected wall gap · hover for details
Inputs per minute
— bhasudi-- - - RisingNOOb7499
Build order — bhasudi--
First 150 of 708 actions detected
| 0:04 | Build | House |
| 0:06 | Build | House |
| 0:14 | Research | Loom |
| 1:04 | Create | Villager (Male) |
| 1:04 | Create | Villager (Male) |
| 1:41 | Create | Villager (Male) |
| 1:42 | Create | Villager (Male) |
| 2:05 | Create | Villager (Male) |
| 2:06 | Create | Villager (Male) |
| 2:36 | Create | Villager (Male) |
| 2:36 | Create | Villager (Male) |
| 3:08 | Create | Villager (Male) |
| 3:08 | Create | Villager (Male) |
| 3:33 | Create | Villager (Male) |
| 3:44 | Create | Villager (Male) |
| 3:45 | Create | Villager (Male) |
| 4:35 | Create | Villager (Male) |
| 4:36 | Create | Villager (Male) |
| 4:36 | Create | Villager (Male) |
| 5:24 | Create | Villager (Male) |
| 5:31 | Build | Lumber Camp |
| 5:52 | Create | Villager (Male) |
| 6:16 | Create | Villager (Male) |
| 6:16 | Create | Villager (Male) |
| 7:41 | Create | Villager (Male) |
| 7:52 | Build | House |
| 8:31 | Build | Mill |
| 8:35 | Create | Villager (Male) |
| 8:35 | Create | Villager (Male) |
| 8:39 | Create | Villager (Male) |
| 8:54 | Create | Villager (Male) |
| 9:14 | Research | Feudal Age |
| 9:30 | Create | Villager (Male) |
| 9:30 | Create | Villager (Male) |
| 9:41 | Build | Mining Camp |
| 10:01 | Build | Farm |
| 11:35 | Age | Feudal Age |
| 11:44 | Build | Market |
| 12:02 | Build | Blacksmith |
| 12:34 | Create | Villager (Male) |
| 12:52 | Research | Castle Age |
| 12:58 | Build | Farm |
| 12:58 | Build | Farm |
| 12:59 | Build | Farm |
| 12:59 | Build | Farm |
| 13:27 | Research | Double-Bit Axe |
| 13:47 | Create | Villager (Male) |
| 13:47 | Create | Villager (Male) |
| 13:52 | Build | House |
| 14:02 | Create | Villager (Male) |
| 14:02 | Create | Villager (Male) |
| 14:30 | Build | Farm |
| 15:39 | Age | Castle Age |
| 15:52 | Build | Monastery |
| 15:59 | Build | Mining Camp |
| 16:17 | Research | Bow Saw |
| 16:25 | Create | Monk |
| 16:25 | Create | Monk |
| 16:34 | Create | Villager (Male) |
| 16:34 | Create | Villager (Male) |
| 17:05 | Build | Town Center |
| 17:16 | Create | Villager (Male) |
| 17:23 | Build | House |
| 17:23 | Build | House |
| 17:24 | Build | House |
| 17:24 | Build | House |
| 17:42 | Research | Horse Collar |
| 18:35 | Create | Villager (Male) |
| 18:36 | Create | Villager (Male) |
| 18:36 | Create | Villager (Male) |
| 18:36 | Create | Villager (Male) |
| 18:36 | Create | Villager (Male) |
| 18:37 | Create | Villager (Male) |
| 18:37 | Create | Villager (Male) |
| 18:37 | Create | Villager (Male) |
| 18:38 | Create | Villager (Male) |
| 18:51 | Build | Farm |
| 18:51 | Build | Farm |
| 18:52 | Build | Farm |
| 18:52 | Build | Farm |
| 18:52 | Build | Farm |
| 18:52 | Build | Farm |
| 18:53 | Build | Farm |
| 19:35 | Create | Villager (Male) |
| 19:35 | Create | Villager (Male) |
| 19:36 | Create | Villager (Male) |
| 20:00 | Build | Town Center |
| 20:05 | Create | Villager (Male) |
| 20:05 | Create | Villager (Male) |
| 20:05 | Create | Villager (Male) |
| 20:18 | Build | Farm |
| 20:19 | Build | Farm |
| 20:19 | Build | Farm |
| 20:19 | Build | Farm |
| 20:19 | Build | Farm |
| 20:20 | Build | Farm |
| 20:20 | Build | Farm |
| 20:20 | Build | Farm |
| 20:34 | Create | Monk |
| 20:36 | Create | Monk |
| 20:41 | Create | Villager (Male) |
| 20:41 | Create | Villager (Male) |
| 20:42 | Create | Villager (Male) |
| 20:57 | Build | Barracks |
| 21:23 | Build | House |
| 21:24 | Build | House |
| 21:24 | Build | House |
| 21:25 | Build | House |
| 21:25 | Build | House |
| 21:26 | Build | House |
| 21:27 | Build | House |
| 21:27 | Build | House |
| 21:28 | Build | House |
| 21:28 | Build | House |
| 21:29 | Build | House |
| 21:31 | Create | Villager (Male) |
| 21:32 | Create | Villager (Male) |
| 21:32 | Create | Villager (Male) |
| 21:32 | Create | Villager (Male) |
| 21:34 | Create | Villager (Male) |
| 21:34 | Create | Villager (Male) |
| 21:58 | Create | Villager (Male) |
| 21:58 | Create | Villager (Male) |
| 21:59 | Create | Villager (Male) |
| 22:07 | Build | Farm |
| 22:07 | Build | Farm |
| 22:08 | Build | Farm |
| 22:08 | Build | Farm |
| 22:34 | Research | Wheelbarrow |
| 23:16 | Create | Fire Lancer |
| 23:17 | Create | Fire Lancer |
| 23:21 | Create | Villager (Male) |
| 23:21 | Create | Villager (Male) |
| 23:21 | Create | Villager (Male) |
| 23:21 | Create | Villager (Male) |
| 23:22 | Create | Villager (Male) |
| 23:22 | Create | Villager (Male) |
| 23:22 | Create | Villager (Male) |
| 23:23 | Create | Villager (Male) |
| 23:35 | Build | Mill |
| 23:40 | Build | Farm |
| 23:40 | Build | Farm |
| 23:41 | Build | Farm |
| 23:41 | Build | Farm |
| 23:41 | Build | Farm |
| 23:41 | Build | Farm |
| 23:43 | Build | Farm |
| 24:07 | Create | Villager (Male) |
| 24:07 | Create | Villager (Male) |
| 24:08 | Create | Villager (Male) |
Build order — RisingNOOb7499
First 150 of 1230 actions detected
| 0:02 | Create | Villager (Male) |
| 0:02 | Create | Villager (Male) |
| 0:02 | Create | Villager (Male) |
| 0:02 | Create | Villager (Male) |
| 0:02 | Create | Villager (Male) |
| 0:06 | Build | House |
| 0:07 | Build | House |
| 0:09 | Build | House |
| 0:10 | Build | House |
| 0:27 | Research | Loom |
| 1:46 | Create | Villager (Male) |
| 2:24 | Create | Villager (Male) |
| 2:24 | Create | Villager (Male) |
| 2:56 | Create | Villager (Male) |
| 3:30 | Create | Villager (Male) |
| 3:30 | Create | Villager (Male) |
| 3:30 | Create | Villager (Male) |
| 3:52 | Create | Villager (Male) |
| 4:11 | Create | Villager (Male) |
| 4:17 | Create | Villager (Male) |
| 4:24 | Create | Villager (Male) |
| 4:46 | Build | Lumber Camp |
| 4:48 | Create | Villager (Male) |
| 4:50 | Create | Villager (Male) |
| 5:01 | Create | Villager (Male) |
| 5:17 | Create | Villager (Male) |
| 5:28 | Create | Villager (Male) |
| 5:59 | Create | Villager (Male) |
| 8:10 | Create | Villager (Male) |
| 8:13 | Create | Villager (Male) |
| 8:13 | Create | Villager (Male) |
| 8:15 | Create | Villager (Male) |
| 8:18 | Create | Villager (Male) |
| 8:24 | Create | Villager (Male) |
| 8:31 | Create | Villager (Male) |
| 8:36 | Build | House |
| 8:37 | Build | House |
| 8:38 | Build | House |
| 8:38 | Build | House |
| 9:58 | Create | Villager (Male) |
| 10:11 | Build | Mining Camp |
| 10:23 | Build | Mill |
| 10:32 | Build | Mining Camp |
| 10:36 | Create | Villager (Male) |
| 10:49 | Research | Feudal Age |
| 10:49 | Create | Villager (Male) |
| 10:50 | Create | Villager (Male) |
| 11:07 | Build | Barracks |
| 12:06 | Build | Mining Camp |
| 12:10 | Create | Villager (Male) |
| 12:41 | Create | Militia |
| 12:41 | Create | Militia |
| 12:44 | Create | Militia |
| 13:17 | Build | Watch Tower |
| 13:29 | Build | Watch Tower |
| 13:40 | Build | Watch Tower |
| 13:41 | Build | Watch Tower |
| 13:44 | Create | Villager (Male) |
| 13:48 | Build | Farm |
| 13:48 | Create | Villager (Male) |
| 13:50 | Research | Double-Bit Axe |
| 13:50 | Research | Horse Collar |
| 13:59 | Build | Farm |
| 14:00 | Create | Villager (Male) |
| 14:09 | Create | Spearman |
| 14:23 | Build | Stone Wall |
| 14:24 | Build | Gate |
| 14:25 | Build | Gate |
| 14:28 | Build | Gate |
| 14:33 | Create | Villager (Male) |
| 14:42 | Build | Farm |
| 14:42 | Create | Villager (Male) |
| 14:49 | Build | Gate |
| 14:51 | Build | Gate |
| 14:55 | Create | Villager (Male) |
| 15:07 | Create | Spearman |
| 15:16 | Build | Farm |
| 15:17 | Build | Farm |
| 15:19 | Build | Farm |
| 15:39 | Create | Spearman |
| 15:40 | Create | Spearman |
| 15:46 | Build | Gate |
| 15:47 | Build | Gate |
| 15:49 | Build | Gate |
| 15:52 | Create | Villager (Male) |
| 15:56 | Build | House |
| 15:58 | Build | House |
| 16:06 | Build | House |
| 16:07 | Build | House |
| 16:09 | Build | House |
| 16:19 | Create | Villager (Male) |
| 16:54 | Create | Villager (Male) |
| 16:59 | Build | Farm |
| 17:00 | Build | Farm |
| 17:23 | Research | Man-at-Arms (upgrade) |
| 17:25 | Research | Arson |
| 17:50 | Create | Villager (Male) |
| 17:50 | Create | Villager (Male) |
| 17:52 | Build | House |
| 17:54 | Build | House |
| 17:55 | Build | House |
| 17:56 | Build | House |
| 17:57 | Build | House |
| 17:58 | Build | House |
| 17:58 | Build | House |
| 18:04 | Build | Farm |
| 18:04 | Create | Villager (Male) |
| 18:22 | Build | Stone Wall |
| 18:24 | Build | Gate |
| 18:25 | Build | Gate |
| 18:26 | Build | Gate |
| 18:27 | Build | Gate |
| 18:29 | Build | Gate |
| 18:41 | Create | Villager (Male) |
| 18:50 | Build | Farm |
| 18:52 | Build | Farm |
| 18:59 | Build | Farm |
| 19:00 | Build | Farm |
| 19:01 | Build | Farm |
| 19:08 | Build | Farm |
| 19:09 | Build | Farm |
| 19:20 | Build | Mill |
| 19:21 | Create | Villager (Male) |
| 19:34 | Build | Farm |
| 19:35 | Create | Villager (Male) |
| 20:20 | Build | Stone Wall |
| 20:23 | Build | Stone Wall |
| 20:25 | Build | Gate |
| 20:26 | Build | Gate |
| 20:27 | Build | Gate |
| 20:28 | Build | Gate |
| 20:33 | Build | Gate |
| 20:35 | Create | Villager (Male) |
| 20:36 | Create | Villager (Male) |
| 20:40 | Build | Blacksmith |
| 20:57 | Build | Market |
| 21:11 | Build | Farm |
| 21:12 | Build | Farm |
| 21:13 | Build | Farm |
| 21:16 | Build | Farm |
| 21:16 | Build | Farm |
| 21:16 | Build | Farm |
| 21:17 | Build | Farm |
| 21:18 | Build | Farm |
| 21:20 | Create | Villager (Male) |
| 21:28 | Build | House |
| 21:31 | Create | Villager (Male) |
| 22:00 | Build | Stone Wall |
| 22:01 | Build | Stone Wall |
| 22:04 | Build | Gate |
Build order — Player69917087
First 150 of 460 actions detected
| 0:10 | Build | House |
| 0:13 | Build | House |
| 0:16 | Build | House |
| 0:18 | Build | House |
| 0:22 | Create | Villager (Male) ×4 |
| 0:22 | Create | Villager (Male) ×4 |
| 0:23 | Create | Villager (Male) ×4 |
| 0:23 | Create | Villager (Male) ×4 |
| 2:44 | Create | Villager (Male) |
| 3:22 | Build | Settlement |
| 3:33 | Create | Villager (Male) |
| 3:34 | Create | Villager (Male) |
| 4:19 | Create | Villager (Male) |
| 4:44 | Create | Villager (Male) |
| 5:11 | Create | Villager (Male) |
| 5:14 | Create | Villager (Male) |
| 6:20 | Create | Villager (Male) |
| 6:21 | Create | Villager (Male) |
| 6:21 | Create | Villager (Male) |
| 6:47 | Build | Settlement |
| 6:59 | Create | Villager (Male) |
| 7:00 | Create | Villager (Male) |
| 8:17 | Build | Barracks |
| 9:18 | Build | Settlement |
| 9:45 | Build | Farm |
| 9:47 | Build | Farm |
| 9:49 | Build | Farm |
| 10:37 | Research | Feudal Age |
| 12:00 | Build | Settlement |
| 12:35 | Build | Settlement |
| 12:52 | Create | Villager (Male) |
| 12:52 | Create | Villager (Male) |
| 12:53 | Create | Villager (Male) |
| 12:53 | Create | Villager (Male) |
| 12:53 | Create | Villager (Male) |
| 12:53 | Create | Villager (Male) |
| 12:54 | Create | Villager (Male) |
| 13:58 | Build | Market |
| 14:21 | Create | Spearman |
| 14:22 | Create | Spearman |
| 14:22 | Create | Spearman |
| 14:22 | Create | Spearman |
| 14:46 | Create | Villager (Male) |
| 14:46 | Create | Villager (Male) |
| 14:46 | Create | Villager (Male) |
| 14:47 | Create | Villager (Male) |
| 15:50 | Build | Blacksmith |
| 16:12 | Build | Settlement |
| 16:34 | Create | Villager (Male) ×5 |
| 17:02 | Create | Spearman ×3 |
| 18:16 | Build | Farm |
| 18:18 | Build | Farm |
| 18:20 | Build | Farm |
| 18:22 | Build | Farm |
| 18:24 | Build | Farm |
| 19:17 | Create | Villager (Male) |
| 19:17 | Create | Villager (Male) |
| 19:18 | Create | Villager (Male) |
| 19:18 | Create | Villager (Male) |
| 19:47 | Create | Spearman |
| 19:47 | Create | Spearman |
| 20:12 | Build | Farm |
| 20:27 | Build | Farm |
| 20:29 | Build | Farm |
| 20:30 | Build | Farm |
| 20:31 | Build | Farm |
| 20:32 | Build | Farm |
| 20:37 | Create | Villager (Male) ×4 |
| 20:37 | Create | Villager (Male) ×4 |
| 21:25 | Build | Archery Range |
| 23:28 | Create | Villager (Male) ×5 |
| 23:28 | Create | Villager (Male) ×5 |
| 23:29 | Create | Villager (Male) ×5 |
| 23:29 | Create | Villager (Male) ×5 |
| 23:48 | Research | Double-Bit Axe |
| 23:49 | Research | Horse Collar |
| 23:55 | Create | Villager (Male) |
| 23:55 | Create | Villager (Male) |
| 23:56 | Create | Villager (Male) |
| 23:56 | Create | Villager (Male) |
| 24:19 | Build | Watch Tower |
| 24:32 | Create | Spearman |
| 24:33 | Create | Spearman |
| 24:33 | Create | Spearman |
| 25:03 | Build | Farm |
| 25:04 | Build | Farm |
| 25:05 | Build | Farm |
| 26:12 | Create | Skirmisher |
| 26:13 | Create | Skirmisher |
| 26:15 | Create | Skirmisher |
| 26:15 | Create | Skirmisher |
| 26:27 | Build | Archery Range |
| 26:36 | Build | Barracks |
| 28:34 | Create | Spearman |
| 28:34 | Create | Spearman |
| 28:35 | Create | Spearman |
| 28:35 | Create | Spearman |
| 28:52 | Build | Settlement |
| 29:04 | Research | Castle Age |
| 29:13 | Build | Settlement |
| 29:28 | Build | Farm |
| 29:30 | Build | Farm |
| 29:33 | Build | Farm |
| 29:34 | Build | Farm |
| 30:32 | Build | Settlement |
| 31:33 | Research | Tech 1402 |
| 32:08 | Build | Castle |
| 32:43 | Create | Villager (Male) |
| 32:43 | Create | Villager (Male) |
| 32:44 | Create | Villager (Male) |
| 32:44 | Create | Villager (Male) |
| 32:47 | Research | Bow Saw |
| 32:48 | Research | Heavy Plow |
| 32:48 | Research | Gold Mining |
| 32:49 | Research | Stone Mining |
| 33:33 | Build | Town Center |
| 33:46 | Build | Settlement |
| 34:15 | Research | Pikeman (upgrade) |
| 34:16 | Research | Tech 1351 |
| 34:18 | Research | Squires |
| 34:19 | Research | Arson |
| 35:01 | Build | Watch Tower |
| 35:50 | Build | Settlement |
| 36:04 | Create | Villager (Male) |
| 36:05 | Create | Villager (Male) |
| 36:05 | Create | Villager (Male) |
| 36:22 | Research | Imperial Age |
| 36:37 | Build | Town Center |
| 36:50 | Build | Town Center |
| 37:16 | Build | Farm |
| 37:18 | Build | Farm |
| 37:23 | Build | Farm |
| 37:24 | Build | Farm |
| 38:10 | Build | Barracks |
| 39:09 | Build | Settlement |
| 39:18 | Build | Town Center |
| 39:31 | Create | Villager (Male) |
| 39:31 | Create | Villager (Male) |
| 39:31 | Create | Villager (Male) |
| 39:31 | Create | Villager (Male) |
| 39:32 | Create | Villager (Male) |
| 39:38 | Create | Villager (Male) |
| 39:38 | Create | Villager (Male) |
| 39:38 | Create | Villager (Male) |
| 39:39 | Create | Villager (Male) |
| 39:39 | Create | Villager (Male) |
| 39:39 | Create | Villager (Male) |
| 39:43 | Create | Villager (Male) |
| 39:44 | Create | Villager (Male) |
| 39:44 | Create | Villager (Male) |
Build order — SY.AAA
First 150 of 2226 actions detected
| 0:04 | Create | Villager (Male) |
| 0:04 | Create | Villager (Male) |
| 0:05 | Create | Villager (Male) |
| 0:05 | Create | Villager (Male) |
| 0:09 | Build | House |
| 0:12 | Build | House |
| 1:29 | Build | House |
| 1:30 | Build | House |
| 1:35 | Build | Lumber Camp |
| 1:39 | Create | Villager (Male) |
| 1:39 | Create | Villager (Male) |
| 2:09 | Create | Villager (Male) |
| 2:09 | Create | Villager (Male) |
| 2:40 | Create | Villager (Male) |
| 2:40 | Create | Villager (Male) |
| 3:17 | Create | Villager (Male) |
| 3:17 | Create | Villager (Male) |
| 3:58 | Create | Villager (Male) |
| 3:58 | Create | Villager (Male) |
| 4:34 | Create | Villager (Male) |
| 4:35 | Create | Villager (Male) |
| 4:35 | Create | Villager (Male) |
| 5:26 | Create | Villager (Male) |
| 5:26 | Create | Villager (Male) |
| 5:26 | Create | Villager (Male) |
| 5:53 | Create | Villager (Male) |
| 5:54 | Create | Villager (Male) |
| 6:19 | Build | Mill |
| 6:22 | Create | Villager (Male) |
| 6:23 | Create | Villager (Male) |
| 7:33 | Create | Villager (Male) |
| 7:51 | Create | Villager (Male) |
| 8:26 | Research | Feudal Age |
| 8:32 | Build | Mining Camp |
| 9:07 | Create | Villager (Male) |
| 9:07 | Create | Villager (Male) |
| 9:13 | Build | House |
| 10:36 | Age | Feudal Age |
| 10:41 | Create | Villager (Male) |
| 10:41 | Create | Villager (Male) |
| 10:56 | Build | Blacksmith |
| 11:00 | Build | Market |
| 11:08 | Research | Double-Bit Axe |
| 11:27 | Build | Farm |
| 12:02 | Research | Castle Age |
| 12:18 | Build | Farm |
| 12:20 | Build | Farm |
| 12:37 | Build | House |
| 13:24 | Research | Horse Collar |
| 13:45 | Build | Barracks |
| 14:42 | Age | Castle Age |
| 14:44 | Create | Spearman |
| 14:44 | Create | Spearman |
| 14:52 | Build | Monastery |
| 15:02 | Build | Town Center |
| 15:09 | Research | Wheelbarrow |
| 15:10 | Create | Villager (Male) |
| 15:10 | Create | Villager (Male) |
| 15:35 | Create | Monk |
| 15:48 | Build | Stable |
| 16:01 | Research | Pikeman (upgrade) |
| 16:01 | Research | Squires |
| 16:20 | Create | Villager (Male) |
| 16:20 | Create | Villager (Male) |
| 16:21 | Create | Villager (Male) |
| 16:21 | Create | Villager (Male) |
| 16:21 | Create | Villager (Male) |
| 16:21 | Create | Villager (Male) |
| 16:54 | Create | Knight |
| 16:54 | Create | Knight |
| 17:10 | Build | Town Center |
| 17:56 | Create | Villager (Male) |
| 17:57 | Create | Villager (Male) |
| 18:01 | Build | Farm |
| 18:03 | Build | Farm |
| 18:04 | Build | Farm |
| 18:07 | Build | Farm |
| 18:29 | Create | Spearman |
| 18:29 | Create | Spearman |
| 18:35 | Build | Mining Camp |
| 18:44 | Create | Villager (Male) |
| 18:45 | Create | Villager (Male) |
| 18:50 | Build | Farm |
| 18:51 | Build | Farm |
| 18:52 | Build | Farm |
| 18:54 | Build | Farm |
| 18:56 | Build | Farm |
| 19:13 | Create | Villager (Male) |
| 19:13 | Create | Villager (Male) |
| 19:21 | Build | Farm |
| 19:23 | Build | Farm |
| 19:24 | Build | Farm |
| 19:29 | Create | Villager (Male) |
| 19:29 | Create | Villager (Male) |
| 19:53 | Create | Villager (Male) |
| 19:53 | Create | Villager (Male) |
| 20:07 | Build | Farm |
| 20:09 | Build | Farm |
| 20:10 | Create | Villager (Male) |
| 20:11 | Create | Villager (Male) |
| 20:11 | Create | Villager (Male) |
| 20:11 | Create | Villager (Male) |
| 20:11 | Create | Villager (Male) |
| 20:21 | Create | Monk |
| 20:25 | Create | Villager (Male) |
| 20:25 | Create | Villager (Male) |
| 20:37 | Create | Villager (Male) |
| 20:38 | Create | Villager (Male) |
| 20:45 | Create | Villager (Male) |
| 20:46 | Create | Villager (Male) |
| 21:02 | Build | Town Center |
| 21:06 | Create | Villager (Male) |
| 21:06 | Create | Villager (Male) |
| 21:06 | Create | Villager (Male) |
| 21:15 | Build | House |
| 21:16 | Build | House |
| 21:18 | Build | House |
| 21:23 | Create | Villager (Male) |
| 21:24 | Create | Villager (Male) |
| 21:24 | Create | Villager (Male) |
| 21:24 | Create | Villager (Male) |
| 22:11 | Create | Villager (Male) |
| 22:11 | Create | Villager (Male) |
| 22:11 | Create | Villager (Male) |
| 22:12 | Create | Villager (Male) |
| 22:12 | Create | Villager (Male) |
| 22:12 | Create | Villager (Male) |
| 22:41 | Create | Spearman |
| 22:41 | Create | Spearman |
| 22:41 | Create | Spearman |
| 22:42 | Research | Squires |
| 22:47 | Create | Villager (Male) |
| 22:48 | Create | Villager (Male) |
| 22:56 | Create | Villager (Male) |
| 22:56 | Create | Villager (Male) |
| 23:01 | Build | Farm |
| 23:03 | Build | Farm |
| 23:05 | Build | Farm |
| 23:06 | Build | Farm |
| 23:08 | Build | Farm |
| 23:09 | Build | Farm |
| 23:11 | Build | Farm |
| 23:17 | Create | Villager (Male) |
| 23:18 | Create | Villager (Male) |
| 23:18 | Create | Villager (Male) |
| 23:18 | Create | Villager (Male) |
| 23:46 | Build | Siege Workshop |
| 24:06 | Create | Villager (Male) |
| 24:06 | Create | Villager (Male) |
| 24:06 | Create | Villager (Male) |
Build order — average hobo
First 150 of 606 actions detected
| 0:02 | Create | Villager (Male) |
| 0:02 | Create | Villager (Male) |
| 0:02 | Create | Villager (Male) |
| 0:03 | Build | House |
| 0:04 | Build | House |
| 0:48 | Create | Villager (Male) |
| 1:26 | Create | Villager (Male) |
| 1:26 | Create | Villager (Male) |
| 2:10 | Build | Lumber Camp |
| 2:12 | Create | Villager (Male) |
| 2:14 | Create | Villager (Male) |
| 2:15 | Create | Villager (Male) |
| 3:03 | Create | Villager (Male) |
| 3:03 | Create | Villager (Male) |
| 3:22 | Create | Villager (Male) |
| 3:22 | Create | Villager (Male) |
| 3:38 | Build | House |
| 3:44 | Create | Villager (Male) |
| 3:44 | Create | Villager (Male) |
| 3:59 | Build | House |
| 4:28 | Create | Villager (Male) |
| 4:28 | Create | Villager (Male) |
| 4:32 | Build | House |
| 4:53 | Create | Villager (Male) |
| 5:47 | Create | Villager (Male) |
| 5:47 | Create | Villager (Male) |
| 5:52 | Build | Mill |
| 6:19 | Create | Villager (Male) |
| 7:07 | Create | Villager (Male) |
| 7:08 | Create | Villager (Male) |
| 7:40 | Build | Mining Camp |
| 7:51 | Research | Feudal Age |
| 9:32 | Create | Villager (Male) |
| 9:32 | Create | Villager (Male) |
| 10:13 | Age | Feudal Age |
| 10:14 | Build | Market |
| 10:17 | Build | Blacksmith |
| 11:05 | Research | Castle Age |
| 11:05 | Research | Castle Age |
| 11:35 | Research | Double-Bit Axe |
| 12:13 | Research | Horse Collar |
| 13:06 | Create | Villager (Male) |
| 13:06 | Create | Villager (Male) |
| 13:45 | Age | Castle Age |
| 13:51 | Build | Town Center |
| 13:57 | Build | Town Center |
| 14:09 | Research | Heavy Plow |
| 14:36 | Build | Farm |
| 14:37 | Build | Farm |
| 14:40 | Build | Farm |
| 14:41 | Create | Villager (Male) |
| 14:55 | Build | Farm |
| 15:01 | Create | Villager (Male) |
| 15:01 | Create | Villager (Male) |
| 15:05 | Build | Farm |
| 15:11 | Create | Villager (Male) |
| 15:18 | Create | Villager (Male) |
| 15:26 | Build | Farm |
| 15:27 | Create | Villager (Male) |
| 15:29 | Build | House |
| 15:46 | Create | Villager (Male) |
| 15:46 | Create | Villager (Male) |
| 15:46 | Create | Villager (Male) |
| 15:51 | Build | Farm |
| 15:53 | Build | Farm |
| 15:54 | Create | Villager (Male) |
| 15:58 | Build | Farm |
| 16:04 | Build | Farm |
| 16:12 | Create | Villager (Male) |
| 16:12 | Create | Villager (Male) |
| 16:23 | Create | Villager (Male) |
| 16:27 | Build | Farm |
| 16:31 | Build | Farm |
| 16:33 | Build | Farm |
| 16:37 | Build | Farm |
| 16:40 | Build | House |
| 16:41 | Build | House |
| 16:43 | Create | Villager (Male) |
| 17:06 | Create | Villager (Male) |
| 17:06 | Create | Villager (Male) |
| 17:13 | Create | Villager (Male) |
| 17:21 | Build | Farm |
| 17:22 | Build | Farm |
| 17:25 | Build | Farm |
| 17:26 | Create | Villager (Male) |
| 17:26 | Create | Villager (Male) |
| 17:28 | Build | Farm |
| 17:29 | Create | Villager (Male) |
| 17:30 | Create | Villager (Male) |
| 17:33 | Build | Farm |
| 17:38 | Build | House |
| 17:38 | Build | House |
| 17:39 | Build | House |
| 17:44 | Create | Villager (Male) |
| 17:46 | Build | Farm |
| 17:54 | Build | Farm |
| 17:56 | Create | Villager (Male) |
| 17:56 | Create | Villager (Male) |
| 18:02 | Create | Villager (Male) |
| 18:02 | Create | Villager (Male) |
| 18:15 | Create | Villager (Male) |
| 18:15 | Create | Villager (Male) |
| 18:22 | Create | Villager (Male) |
| 18:22 | Create | Villager (Male) |
| 18:29 | Create | Villager (Male) |
| 18:29 | Create | Villager (Male) |
| 18:42 | Create | Villager (Male) |
| 18:43 | Create | Villager (Male) |
| 18:50 | Build | Farm |
| 18:52 | Build | Farm |
| 18:56 | Build | Farm |
| 18:57 | Create | Villager (Male) |
| 18:57 | Create | Villager (Male) |
| 18:57 | Create | Villager (Male) |
| 19:15 | Build | Siege Workshop |
| 19:23 | Create | Villager (Male) |
| 19:23 | Create | Villager (Male) |
| 19:23 | Create | Villager (Male) |
| 19:24 | Create | Villager (Male) |
| 19:27 | Build | House |
| 19:27 | Build | House |
| 19:37 | Build | Lumber Camp |
| 19:38 | Create | Villager (Male) |
| 19:38 | Create | Villager (Male) |
| 19:39 | Create | Villager (Male) |
| 19:58 | Create | Villager (Male) |
| 19:58 | Create | Villager (Male) |
| 20:07 | Build | Farm |
| 20:10 | Build | Farm |
| 20:16 | Create | Mangonel |
| 20:25 | Create | Villager (Male) |
| 20:25 | Create | Villager (Male) |
| 20:25 | Create | Villager (Male) |
| 20:26 | Build | House |
| 20:27 | Build | House |
| 20:38 | Build | Lumber Camp |
| 20:43 | Create | Villager (Male) |
| 20:44 | Create | Villager (Male) |
| 20:44 | Create | Villager (Male) |
| 21:01 | Build | Farm |
| 21:02 | Build | Farm |
| 21:07 | Build | Farm |
| 22:15 | Research | Wheelbarrow |
| 22:16 | Research | Bow Saw |
| 22:17 | Create | Villager (Male) |
| 22:18 | Create | Villager (Male) ×5 |
| 22:18 | Create | Villager (Male) ×5 |
| 22:44 | Create | Villager (Male) |
| 23:11 | Build | House |
| 23:12 | Build | House |
Build order — Sauleta
First 150 of 795 actions detected
| 0:06 | Create | Villager (Male) |
| 0:07 | Research | Loom |
| 0:08 | Create | Villager (Male) |
| 0:08 | Create | Villager (Male) |
| 0:09 | Create | Villager (Male) |
| 0:27 | Build | House |
| 1:19 | Build | Settlement |
| 2:10 | Create | Villager (Male) |
| 2:41 | Create | Villager (Male) |
| 3:06 | Create | Villager (Male) |
| 3:29 | Create | Villager (Male) |
| 3:56 | Build | Settlement |
| 4:07 | Create | Villager (Male) |
| 4:33 | Create | Villager (Male) |
| 5:01 | Create | Villager (Male) |
| 5:35 | Create | Villager (Male) |
| 6:14 | Create | Villager (Male) |
| 7:01 | Create | Villager (Male) |
| 7:33 | Create | Villager (Male) |
| 8:02 | Create | Villager (Male) |
| 8:42 | Research | Feudal Age |
| 9:56 | Build | Settlement |
| 10:52 | Age | Feudal Age |
| 11:00 | Research | Town Watch |
| 11:00 | Create | Villager (Male) |
| 12:05 | Build | Market |
| 12:11 | Create | Villager (Male) |
| 12:42 | Create | Villager (Male) |
| 14:13 | Create | Villager (Male) |
| 15:28 | Build | Blacksmith |
| 15:30 | Create | Villager (Male) |
| 16:19 | Research | Castle Age |
| 18:58 | Create | Villager (Male) |
| 18:59 | Age | Castle Age |
| 18:59 | Create | Villager (Male) |
| 19:53 | Build | Town Center |
| 19:59 | Research | Wheelbarrow |
| 20:11 | Build | House |
| 20:14 | Build | House |
| 20:18 | Build | House |
| 20:24 | Create | Villager (Male) |
| 21:57 | Create | Villager (Male) |
| 22:00 | Create | Villager (Male) |
| 22:51 | Build | Monastery |
| 22:58 | Build | University |
| 23:07 | Create | Villager (Male) |
| 23:10 | Create | Villager (Male) |
| 23:33 | Build | Castle |
| 23:53 | Create | Villager (Male) |
| 23:55 | Create | Villager (Male) |
| 24:33 | Create | Villager (Male) |
| 24:36 | Create | Villager (Male) |
| 25:03 | Create | Monk |
| 25:03 | Create | Monk |
| 25:51 | Create | Villager (Male) |
| 25:54 | Create | Villager (Male) |
| 26:05 | Build | Town Center |
| 26:31 | Create | Villager (Male) |
| 26:34 | Create | Villager (Male) |
| 26:44 | Build | Farm |
| 26:49 | Build | Farm |
| 27:01 | Build | Farm |
| 27:04 | Build | Farm |
| 27:07 | Create | Villager (Male) |
| 27:10 | Create | Villager (Male) |
| 27:16 | Build | Farm |
| 27:18 | Build | Farm |
| 28:22 | Build | Farm |
| 28:27 | Build | Farm |
| 28:30 | Build | Farm |
| 28:34 | Build | Farm |
| 28:47 | Build | Farm |
| 28:51 | Build | Farm |
| 28:59 | Build | Farm |
| 29:04 | Build | Farm |
| 29:08 | Build | Farm |
| 29:42 | Create | Villager (Male) |
| 31:53 | Research | Imperial Age |
| 31:56 | Research | Hand Cart |
| 32:00 | Create | Villager (Male) |
| 32:00 | Create | Villager (Male) |
| 32:00 | Create | Villager (Male) |
| 33:49 | Create | Villager (Male) |
| 33:52 | Create | Villager (Male) |
| 33:53 | Research | Town Patrol |
| 33:56 | Create | Villager (Male) |
| 34:00 | Research | Treadmill Crane |
| 34:03 | Research | Sanctity |
| 34:03 | Create | Monk |
| 34:04 | Create | Monk |
| 34:04 | Create | Monk |
| 34:42 | Build | Farm |
| 34:45 | Build | Farm |
| 34:48 | Build | Farm |
| 34:51 | Build | Farm |
| 34:56 | Build | Farm |
| 35:01 | Build | Farm |
| 35:03 | Age | Imperial Age |
| 35:36 | Create | Villager (Male) |
| 35:39 | Create | Villager (Male) |
| 35:43 | Create | Villager (Male) |
| 36:43 | Build | Farm |
| 36:49 | Create | Villager (Male) |
| 36:52 | Create | Villager (Male) |
| 36:55 | Create | Villager (Male) |
| 37:49 | Create | Villager (Male) |
| 37:52 | Create | Villager (Male) |
| 37:54 | Create | Villager (Male) |
| 38:05 | Build | Settlement |
| 38:20 | Create | Villager (Male) |
| 38:22 | Create | Villager (Male) |
| 38:26 | Create | Villager (Male) |
| 38:45 | Build | Farm |
| 38:51 | Research | Double-Bit Axe |
| 38:55 | Create | Villager (Male) |
| 38:57 | Create | Villager (Male) |
| 39:00 | Create | Villager (Male) |
| 39:18 | Build | Settlement |
| 39:31 | Build | Farm |
| 39:39 | Build | Farm |
| 39:44 | Build | Farm |
| 40:05 | Build | Settlement |
| 40:15 | Build | Farm |
| 40:18 | Create | Villager (Male) |
| 40:19 | Create | Villager (Male) |
| 40:24 | Create | Villager (Male) |
| 40:24 | Create | Villager (Male) |
| 40:29 | Create | Villager (Male) |
| 40:30 | Create | Villager (Male) |
| 40:36 | Build | Farm |
| 40:41 | Build | Farm |
| 40:58 | Create | Villager (Male) |
| 41:02 | Create | Villager (Male) |
| 41:02 | Create | Villager (Male) |
| 41:06 | Create | Villager (Male) |
| 41:06 | Create | Villager (Male) |
| 41:11 | Build | Farm |
| 41:26 | Build | Castle |
| 41:34 | Create | Unit 2579 |
| 41:34 | Create | Unit 2579 |
| 41:34 | Create | Unit 2579 |
| 41:34 | Create | Unit 2579 |
| 41:35 | Create | Unit 2579 |
| 41:35 | Create | Unit 2579 |
| 41:35 | Create | Unit 2579 |
| 41:35 | Create | Unit 2579 |
| 41:36 | Create | Unit 2579 |
| 41:36 | Create | Unit 2579 |
| 41:36 | Create | Unit 2579 |
| 41:36 | Create | Unit 2579 |
Build order — fx17888
First 150 of 717 actions detected
| 0:04 | Research | Loom |
| 0:05 | Create | Villager (Male) |
| 0:05 | Create | Villager (Male) |
| 0:05 | Create | Villager (Male) |
| 0:12 | Build | House |
| 0:15 | Build | House |
| 0:16 | Create | Villager (Male) |
| 0:16 | Create | Villager (Male) |
| 1:07 | Build | House |
| 1:08 | Build | House |
| 2:00 | Create | Villager (Male) |
| 2:21 | Create | Villager (Male) |
| 2:52 | Create | Villager (Male) |
| 3:17 | Create | Villager (Male) |
| 3:38 | Create | Villager (Male) |
| 3:44 | Build | Mule Cart |
| 3:55 | Create | Villager (Male) |
| 4:23 | Create | Villager (Male) |
| 4:49 | Create | Villager (Male) |
| 5:22 | Create | Villager (Male) |
| 5:22 | Create | Villager (Male) |
| 5:44 | Build | Mill |
| 5:46 | Create | Villager (Male) |
| 5:50 | Create | Villager (Male) |
| 6:29 | Create | Villager (Male) |
| 6:51 | Create | Villager (Male) |
| 7:18 | Create | Villager (Male) |
| 7:39 | Create | Villager (Male) |
| 7:43 | Build | Mule Cart |
| 7:55 | Create | Villager (Male) |
| 8:14 | Research | Feudal Age |
| 8:59 | Build | House |
| 10:06 | Create | Villager (Male) |
| 10:07 | Create | Villager (Male) |
| 10:07 | Create | Villager (Male) |
| 10:11 | Create | Villager (Male) |
| 10:35 | Age | Feudal Age |
| 10:38 | Create | Villager (Male) |
| 10:42 | Build | Market |
| 11:24 | Build | Blacksmith |
| 11:47 | Build | Farm |
| 11:59 | Build | House |
| 12:09 | Build | Palisade Wall |
| 12:11 | Build | Palisade Gate |
| 12:21 | Build | Farm |
| 12:41 | Build | Farm |
| 12:46 | Build | Farm |
| 13:18 | Research | Castle Age |
| 13:51 | Build | House |
| 13:59 | Research | Double-Bit Axe |
| 14:19 | Research | Horse Collar |
| 14:56 | Create | Villager (Male) |
| 15:14 | Build | Farm |
| 15:17 | Build | Farm |
| 15:20 | Build | Farm |
| 15:55 | Create | Villager (Male) |
| 15:58 | Age | Castle Age |
| 16:00 | Build | Town Center |
| 16:39 | Create | Villager (Male) |
| 16:39 | Create | Villager (Male) |
| 17:01 | Build | Siege Workshop |
| 17:16 | Create | Villager (Male) |
| 17:38 | Build | House |
| 17:39 | Build | House |
| 17:41 | Build | House |
| 18:18 | Create | Villager (Male) |
| 18:22 | Research | Wheelbarrow |
| 18:24 | Research | Bow Saw |
| 18:28 | Create | Scorpion |
| 18:29 | Create | Scorpion |
| 18:35 | Create | Villager (Male) |
| 18:36 | Create | Villager (Male) |
| 18:36 | Create | Villager (Male) |
| 18:37 | Create | Villager (Male) |
| 18:53 | Create | Scorpion |
| 19:05 | Create | Villager (Male) |
| 19:07 | Create | Villager (Male) |
| 19:33 | Build | Farm |
| 20:05 | Build | Castle |
| 20:12 | Create | Villager (Male) |
| 20:13 | Create | Villager (Male) |
| 20:14 | Create | Villager (Male) |
| 20:14 | Create | Villager (Male) |
| 20:36 | Create | Scorpion |
| 20:37 | Create | Scorpion |
| 20:40 | Create | Villager (Male) |
| 20:45 | Build | House |
| 20:47 | Build | House |
| 20:48 | Build | House |
| 20:53 | Build | University |
| 20:56 | Create | Villager (Male) |
| 21:02 | Build | Farm |
| 21:07 | Create | Villager (Male) |
| 21:08 | Create | Villager (Male) |
| 21:14 | Create | Villager (Male) |
| 21:15 | Create | Villager (Male) |
| 21:29 | Build | Town Center |
| 21:37 | Create | Villager (Male) |
| 21:40 | Build | Farm |
| 22:20 | Create | Scorpion |
| 22:31 | Build | Monastery |
| 22:36 | Create | Villager (Male) |
| 22:37 | Create | Villager (Male) |
| 22:38 | Create | Villager (Male) |
| 22:38 | Create | Villager (Male) |
| 22:50 | Create | Scorpion |
| 22:50 | Create | Scorpion |
| 22:59 | Create | Villager (Male) |
| 22:59 | Create | Villager (Male) |
| 23:22 | Build | Barracks |
| 23:36 | Create | Villager (Male) |
| 23:37 | Create | Villager (Male) |
| 23:37 | Create | Villager (Male) |
| 23:42 | Build | House |
| 23:44 | Build | House |
| 23:45 | Build | House |
| 23:49 | Research | Treadmill Crane |
| 24:06 | Create | Monk |
| 24:21 | Build | Stable |
| 24:30 | Create | Villager (Male) |
| 24:30 | Create | Villager (Male) |
| 24:31 | Create | Villager (Male) |
| 24:31 | Create | Villager (Male) |
| 24:32 | Create | Villager (Male) |
| 24:35 | Build | Farm |
| 24:45 | Create | Monk |
| 25:53 | Create | Mangonel |
| 26:17 | Create | Mangonel |
| 26:34 | Create | Villager (Male) |
| 26:35 | Create | Villager (Male) |
| 26:35 | Create | Villager (Male) |
| 26:36 | Create | Villager (Male) |
| 26:36 | Create | Villager (Male) |
| 27:01 | Create | Knight ×2 |
| 27:02 | Create | Knight ×2 |
| 27:05 | Create | Villager (Male) |
| 27:06 | Create | Villager (Male) |
| 27:07 | Create | Villager (Male) |
| 27:08 | Create | Villager (Male) |
| 27:08 | Create | Villager (Male) |
| 27:12 | Build | Farm |
| 27:13 | Build | Farm |
| 27:14 | Build | Farm |
| 27:15 | Build | Farm |
| 27:18 | Build | Farm |
| 27:19 | Build | Farm |
| 27:20 | Build | Farm |
| 27:24 | Create | Villager (Male) |
| 28:03 | Create | Mangonel |
| 28:22 | Create | Mangonel |
Build order — floreent_q
First 150 of 1683 actions detected
| 0:03 | Build | House |
| 0:04 | Build | House |
| 0:05 | Build | House |
| 0:08 | Create | Villager (Male) |
| 0:08 | Create | Villager (Male) |
| 0:08 | Create | Villager (Male) |
| 0:08 | Create | Villager (Male) |
| 0:09 | Create | Villager (Male) |
| 2:12 | Create | Villager (Male) |
| 2:12 | Create | Villager (Male) |
| 2:12 | Create | Villager (Male) |
| 2:12 | Create | Villager (Male) |
| 2:44 | Create | Villager (Male) |
| 3:07 | Create | Villager (Male) |
| 3:10 | Create | Villager (Male) |
| 3:41 | Create | Villager (Male) |
| 4:02 | Build | Mill |
| 4:07 | Create | Villager (Male) |
| 4:16 | Create | Villager (Male) |
| 4:23 | Build | House |
| 4:25 | Build | House |
| 4:27 | Build | House |
| 4:36 | Create | Villager (Male) |
| 4:57 | Create | Villager (Male) |
| 5:00 | Create | Villager (Male) |
| 5:35 | Create | Villager (Male) |
| 5:51 | Create | Villager (Male) |
| 6:30 | Build | Lumber Camp |
| 6:52 | Build | House |
| 8:25 | Build | Mining Camp |
| 8:34 | Create | Villager (Male) |
| 8:34 | Create | Villager (Male) |
| 8:35 | Create | Villager (Male) |
| 8:46 | Build | House |
| 8:48 | Build | House |
| 8:51 | Build | House |
| 9:32 | Research | Feudal Age |
| 11:58 | Build | Farm |
| 11:58 | Build | Farm |
| 11:58 | Build | Farm |
| 11:58 | Build | Farm |
| 11:58 | Build | Farm |
| 11:58 | Build | Farm |
| 11:58 | Build | Farm |
| 11:58 | Build | Farm |
| 11:58 | Build | Farm |
| 11:58 | Build | Farm |
| 11:58 | Build | Farm |
| 11:58 | Build | Farm |
| 11:58 | Build | Farm |
| 11:58 | Build | Farm |
| 11:58 | Build | Farm |
| 11:58 | Build | Farm |
| 11:59 | Build | Farm |
| 11:59 | Build | Farm |
| 11:59 | Build | Farm |
| 11:59 | Build | Farm |
| 11:59 | Build | Farm |
| 11:59 | Build | Farm |
| 11:59 | Build | Farm |
| 11:59 | Build | Farm |
| 11:59 | Build | Farm |
| 11:59 | Build | Farm |
| 12:06 | Build | Market |
| 12:06 | Build | Farm |
| 12:06 | Build | Farm |
| 12:06 | Build | Farm |
| 12:06 | Build | Farm |
| 12:07 | Build | Farm |
| 12:07 | Build | Farm |
| 12:23 | Research | Wheelbarrow |
| 12:25 | Create | Villager (Male) ×5 |
| 12:25 | Create | Villager (Male) |
| 14:06 | Build | House |
| 14:29 | Build | Farm |
| 14:29 | Build | Farm |
| 14:44 | Build | Farm |
| 14:44 | Build | Farm |
| 14:44 | Build | Farm |
| 14:44 | Build | Farm |
| 14:44 | Build | Farm |
| 14:44 | Build | Farm |
| 14:44 | Build | Farm |
| 14:44 | Build | Farm |
| 14:44 | Build | Farm |
| 14:44 | Build | Farm |
| 14:44 | Build | Farm |
| 15:12 | Build | Farm |
| 15:12 | Build | Farm |
| 15:12 | Build | Farm |
| 15:12 | Build | Farm |
| 15:12 | Build | Farm |
| 15:12 | Build | Farm |
| 15:12 | Build | Farm |
| 15:12 | Build | Farm |
| 15:12 | Build | Farm |
| 15:12 | Build | Farm |
| 15:12 | Build | Farm |
| 15:12 | Build | Farm |
| 15:12 | Build | Farm |
| 15:18 | Build | Farm |
| 15:18 | Build | Farm |
| 15:18 | Build | Farm |
| 15:18 | Build | Farm |
| 15:18 | Build | Farm |
| 15:18 | Build | Farm |
| 15:18 | Build | Farm |
| 15:18 | Build | Farm |
| 15:18 | Build | Farm |
| 15:18 | Build | Farm |
| 15:18 | Build | Farm |
| 15:18 | Build | Farm |
| 15:18 | Build | Farm |
| 15:18 | Build | Farm |
| 15:18 | Build | Farm |
| 15:44 | Build | Farm |
| 15:44 | Build | Farm |
| 15:44 | Build | Farm |
| 15:44 | Build | Farm |
| 15:44 | Build | Farm |
| 15:44 | Build | Farm |
| 16:15 | Build | Farm |
| 16:15 | Build | Farm |
| 16:15 | Build | Farm |
| 16:15 | Build | Farm |
| 16:15 | Build | Farm |
| 16:15 | Build | Farm |
| 16:15 | Build | Farm |
| 16:15 | Build | Farm |
| 16:15 | Build | Farm |
| 16:15 | Build | Farm |
| 16:15 | Build | Farm |
| 16:15 | Build | Farm |
| 16:15 | Build | Farm |
| 16:15 | Build | Farm |
| 16:23 | Create | Villager (Male) ×15 |
| 16:24 | Create | Villager (Male) |
| 16:49 | Build | Farm |
| 16:49 | Build | Farm |
| 16:49 | Build | Farm |
| 16:49 | Build | Farm |
| 16:52 | Build | Mining Camp |
| 17:14 | Build | Farm |
| 17:14 | Build | Farm |
| 17:14 | Build | Farm |
| 17:32 | Build | Blacksmith |
| 18:04 | Build | Farm |
| 18:04 | Build | Farm |
| 18:04 | Build | Farm |
| 18:06 | Research | Castle Age |
Match timeline
| 8:17 | Player69917087 · first_building Barracks |
| 10:13 | average hobo · age_up feudal |
| 10:35 | fx17888 · age_up feudal |
| 10:36 | SY.AAA · age_up feudal |
| 10:52 | Sauleta · age_up feudal |
| 11:07 | RisingNOOb7499 · first_building Barracks |
| 11:35 | bhasudi-- · age_up feudal |
| 12:09 | fx17888 · wall_segment Palisade Wall x1 |
| 13:45 | average hobo · age_up castle |
| 13:45 | SY.AAA · first_building Barracks |
| 14:23 | RisingNOOb7499 · wall_segment Stone Wall x32 |
| 14:42 | SY.AAA · age_up castle |
| 14:52 | SY.AAA · first_building Monastery |
| 15:10 | average hobo · first_market_buy 100 food |
| 15:39 | bhasudi-- · age_up castle |
| 15:48 | SY.AAA · first_building Stable |
| 15:52 | bhasudi-- · first_building Monastery |
| 15:58 | fx17888 · age_up castle |
| 17:01 | fx17888 · first_building Siege Workshop |
| 18:22 | RisingNOOb7499 · wall_segment Stone Wall x25 |
| 18:59 | Sauleta · age_up castle |
| 19:15 | average hobo · first_building Siege Workshop |
| 20:05 | fx17888 · first_building Castle |
| 20:20 | RisingNOOb7499 · wall_segment Stone Wall x4 |
| 20:23 | RisingNOOb7499 · wall_segment Stone Wall x29 |
| 20:57 | bhasudi-- · first_building Barracks |
| 21:25 | Player69917087 · first_building Archery Range |
| 22:00 | RisingNOOb7499 · wall_segment Stone Wall x15 |
| 22:01 | RisingNOOb7499 · wall_segment Stone Wall x13 |
| 22:31 | fx17888 · first_building Monastery |
| 22:51 | Sauleta · first_building Monastery |
| 23:22 | fx17888 · first_building Barracks |
| 23:33 | Sauleta · first_building Castle |
| 23:46 | SY.AAA · first_building Siege Workshop |
| 24:21 | fx17888 · first_building Stable |
| 25:23 | RisingNOOb7499 · first_market_sell 100 food |
| 26:04 | bhasudi-- · first_building Archery Range |
| 26:11 | floreent_q · first_building Barracks |
| 27:05 | bhasudi-- · first_building Siege Workshop |
| 27:11 | RisingNOOb7499 · first_building Castle |
| 27:13 | average hobo · first_building Monastery |
| 28:32 | bhasudi-- · first_market_buy 100 food |
| 29:00 | floreent_q · first_building Castle |
| 30:00 | SY.AAA · first_building Castle |
| 30:01 | RisingNOOb7499 · wall_segment Stone Wall x6 |
| 30:02 | average hobo · first_building Castle |
| 30:04 | RisingNOOb7499 · wall_segment Stone Wall x19 |
| 30:05 | RisingNOOb7499 · wall_segment Stone Wall x15 |
| 30:18 | bhasudi-- · first_building Stable |
| 30:53 | average hobo · age_up imperial |
| 31:25 | bhasudi-- · first_building Castle |
| 31:51 | bhasudi-- · age_up imperial |
| 32:08 | Player69917087 · first_building Castle |
| 35:03 | Sauleta · age_up imperial |
| 35:42 | SY.AAA · age_up imperial |
| 36:36 | fx17888 · age_up imperial |
| 36:50 | average hobo · first_market_sell 500 wood |
| 41:01 | RisingNOOb7499 · first_building Siege Workshop |
| 41:24 | RisingNOOb7499 · first_building Stable |
| 46:32 | Player69917087 · first_building Monastery |
| 46:46 | Sauleta · first_building Barracks |
| 48:32 | floreent_q · first_building Siege Workshop |
| 49:34 | RisingNOOb7499 · first_building Monastery |
| 50:09 | Sauleta · first_building Archery Range |
| 50:45 | floreent_q · first_market_buy 100 stone |
| 53:44 | average hobo · first_building Barracks |
| 56:28 | fx17888 · first_market_sell 500 wood |
| 56:46 | SY.AAA · first_market_buy 100 stone |
| 59:19 | fx17888 · first_market_buy 500 stone |
| 59:55 | Player69917087 · first_market_buy 500 stone |
| 62:19 | bhasudi-- · first_market_sell 500 wood |
| 66:50 | floreent_q · wall_segment Stone Wall x8 |
| 75:11 | floreent_q · wall_segment Stone Wall x9 |
| 77:25 | bhasudi-- · resign |
| 78:33 | Sauleta · first_building Siege Workshop |
| 79:35 | floreent_q · wall_segment Stone Wall x4 |
| 81:57 | floreent_q · wall_segment Stone Wall x6 |
| 82:23 | RisingNOOb7499 · first_building Archery Range |
| 84:46 | floreent_q · first_building Archery Range |
| 84:50 | fx17888 · wall_segment Stone Wall x5 |
| 85:04 | fx17888 · wall_segment Stone Wall x4 |
| 94:23 | average hobo · wall_segment Stone Wall x1 |
[ AI ANALYSIS · 1 CREDIT ]
What really happened in this match?
Wolo.gg analyzes every decision: build order, eco, micro, common mistakes by bracket. Personalized analysis on WhatsApp or Discord in 30 seconds.
Civ guide
Chinese
Map guide
Amazon Tunnel
Perfil
Jugador #1513413